 Dungeon Crawl Stone Soup version 0.28.0-45-g0d030f2227 (webtiles) character file.

Game seed: 13430189508556710951

4 zeratav the Insei (level 1, -2/13 HPs)
             Began as an Octopode Transmuter on Apr 8, 2022.
             Slain by a goblin
             ... wielding a +0 dagger
              (4 damage)
             ... on level 1 of the Dungeon.
             The game lasted 00:00:23 (38 turns).

zeratav the Insei (Octopode Transmuter)               Turns: 38, Time: 00:00:23

Health: -2/13      AC:  1    Str:  9    XL:     1   Next: 60%
Magic:  1/3        EV: 13    Int: 15    God:
Gold:   11         SH:  0    Dex: 12    Spells: 3/4 levels left

rFire   . . .      SeeInvis .     - Unarmed
rCold   . . .      Faith    .   (no shield)
rNeg    . . .      Spirit   .   (helmet restricted)
rPois   .          Reflect  .   (no amulet)
rElec   .          Harm     .   (no ring)
rCorr   .          Rampage  .   (no ring)
Will    .....                   (no ring)
Stlth   ++........              (no ring)
HPRegen 0.04/turn               (no ring)
MPRegen 0.08/turn               (no ring)
                                (no ring)
                                (no ring)

@: very slightly contaminated
A: almost no armour, amphibious, 8 rings, camouflage 1, gelatinous body 1,
(nimble swimmer 1), tentacles
a: no special abilities


You were on level 1 of the Dungeon.
You visited 1 branch of the dungeon, and saw 1 of its levels.

You collected 11 gold pieces.


Innate Abilities, Weirdness & Mutations

You cannot wear most types of armour.
You are amphibious.
You can wear up to eight rings at the same time.
Your skin changes colour to match your surroundings (Stealth+).
Your rubbery body absorbs attacks. (AC +1, EV +1)
((You are camouflaged when in or above water. (Stealth+)))
You have tentacles for arms and can constrict up to eight enemies at once.


   Skills:
 + Level 1.1 Fighting
 + Level 2.0 Dodging
 + Level 0.3 Stealth
 * Level 3.1 Unarmed Combat
 - Level 2.0 Spellcasting
 + Level 2.0 Transmutations


You had 3 spell levels left.
You knew the following spells:

 Your Spells              Type           Power      Damage    Failure   Level
a - Beastly Appendage     Tmut           14%        N/A       10%         1

Your spell library contained the following spells:

 Spells                   Type           Power      Damage    Failure   Level
 Wereblood                Tmut           7%         N/A       14%         2
 Spider Form              Tmut/Pois      4%         N/A       41%         3
 Ice Form                 Ice/Tmut       4%         N/A       82%         4

You aren't carrying anything.

Dungeon Overview and Level Annotations

Branches:
Dungeon (1/15)

Altars:

#... #... ... ..##
..# ###.### +..K..+
#+#g#######
#@#.....# #.#.....#
#'#..>..# #.#..<..#
#.+.....#
#.###.#+###'#(#+#(
#.......#.'.......#
#.###.###.###.###.#
#.........# .#


You could see a goblin and a kobold.


Message History

🤖 Initializing magus.rc ... ✅ Successfully initialized magus.rc [v1.9.6] Welcome, zeratav the Octopode Transmuter.
Will you prevail where others failed? Will you find the Orb of Zot?
Press ? for a list of commands and other information.
Found 11 gold pieces.
Found an escape hatch in the floor.
Found a staircase leading out of the dungeon.
You now have 11 gold pieces.
You open the door.
There is an open door here.
You open the door.
A dart slug comes into view.
You tentacle-slap the dart slug. You grab the dart slug.
You tentacle-slap the dart slug. You constrict the dart slug.
You tentacle-slap the dart slug. You squeeze the dart slug.
You kill the dart slug!
There is an open door here.
You open the door.
There is an open door here.
A ball python comes into view.
You see here a +0 whip {mace}.
A goblin comes into view. It is wielding a +0 dagger.
The ball python hisses angrily.
A kobold comes into view. It is wielding a +0 whip.
Casting: Beastly Appendage (safe; 10% risk of failure)
Confirm with . or Enter, or press ? or * to list all spells.
You don't know that spell.
Casting: Beastly Appendage (safe; 10% risk of failure)
Confirm with . or Enter, or press ? or * to list all spells.
You miscast Beastly Appendage.
You are very lightly contaminated with residual magic.
Nothing appears to happen.
The kobold shouts!
The goblin shouts!
MP[-1]
You lost 1 mp, and now have 2/3 mp.
The ball python bites you. The ball python grabs you.
The ball python constricts you.
HP[-4]
You take 4 damage, and now have 9/13 hp.
MASSIVE DAMAGE!! (PAUSE)
You barely miss the ball python. Your grab misses the ball python.
The ball python bites you.
* * * LOW HITPOINT WARNING * * *
The ball python constricts you.
* * * LOW HITPOINT WARNING * * *
HP[-4]
You take 4 damage, and now have 5/13 hp.
MASSIVE DAMAGE!! (PAUSE)
You barely miss the ball python. Your grab misses the ball python.
The ball python misses you. The ball python constricts you.
* * * LOW HITPOINT WARNING * * *
HP[-1]
You take 1 damage, and now have 4/13 hp.
You escape the ball python's grasp.
You see here a +0 whip {mace}.
Casting: Beastly Appendage (safe; 10% risk of failure)
Confirm with . or Enter, or press ? or * to list all spells.
You miscast Beastly Appendage.
Nothing appears to happen.
The ball python closely misses you. The ball python barely misses you.
MP[-1]
You lost 1 mp, and now have 1/3 mp.
You barely miss the ball python. Your grab misses the ball python.
The ball python bites you.
* * * LOW HITPOINT WARNING * * *
The ball python closely misses you.
HP[-1]
You take 1 damage, and now have 3/13 hp.
You tentacle-slap the ball python. Your grab misses the ball python.
You squeeze the ball python, but do no damage.
The ball python bites you.
* * * LOW HITPOINT WARNING * * *
The ball python closely misses you.
HP[-1]
You take 1 damage, and now have 2/13 hp.
You tentacle-slap the ball python but do no damage.
Your grab misses the ball python. You squeeze the ball python.
You kill the ball python!
You closely miss the goblin. You grab the goblin. You constrict the goblin.
The goblin hits you with a +0 dagger.
You die...

Action                   || total
-------------------------++-------
Melee: Unarmed           ||     8
       Tentacles         ||     3
       Constrict         ||     2
       Punch             ||     1
Dodge: Dodged            ||     5

Levels and vault maps discovered:
D:1:      shiori_arrival_maze, layout_basic, roderic_serpentine_path

Notes
Turn   | Place    | Note
-------+----------+-------------------------------------------
     0 | D:1      | zeratav the Octopode Transmuter began the quest for the
                  | Orb.
     0 | D:1      | Reached XP level 1. HP: 13/13 MP: 3/3
     0 | D:1      | magus.rc [v1.9.6]
    35 | D:1      | HP: 3/13 [ball python (1)]
    38 | D:1      | Slain by a goblin

Vanquished Creatures
  A dart slug (D:1)
  A ball python (D:1)
2 creatures vanquished.

Table legend:
 A = Non-vault XP
 B = Vault XP
 C = Vault XP percentage of total XP
 D = Non-vault monster count
 E = Vault monster count
 F = Vault count percentage of total count
                 A         B        C        D         E       F
            +---------+---------+-------+---------+---------+-------
      Total |       2 |       4 |  66.7 |       1 |       1 |  50.0
            +---------+---------+-------+---------+---------+-------
        D:1 |       2 |       4 |  66.7 |       1 |       1 |  50.0
            +---------+---------+-------+---------+---------+-------

Illustrated notes

Table legend:
 A = Kills in this place as a percentage of kills in entire the game.
 B = Kills by you in this place as a percentage of kills by you in the entire game.
 C = Kills by friends in this place as a percentage of kills by friends in the entire game.
 D = Other kills in this place as a percentage of other kills in the entire game.
 E = Experience gained in this place as a percentage of experience gained in the entire game.
 F = Experience gained in this place divided by the number of levels of this place that you have seen.
                   A       B       C       D       E      F
               +-------+-------+-------+-------+-------+----------------------
         Total | 100.0 | 100.0 |   N/A |   N/A | 100.0 |   6.0
       Dungeon | 100.0 | 100.0 |   N/A |   N/A | 100.0 |   6.0
               +-------+-------+-------+-------+-------+----------------------

Table legend: (Time is in decaauts)
 A = Elapsed time spent in this place.
 B = Non-inter-level travel time spent in this place.
 C = Inter-level travel time spent in this place.
 D = Time resting spent in this place.
 E = Time spent auto-exploring this place.
 F = Levels seen in this place.
 G = Mean time per level.
                   A        B        C        D        E       F      G
               +--------+--------+--------+--------+--------+-----+--------+
         Total |     37 |     37 |      0 |      0 |      0 |   1 |   37.0 |
       Dungeon |     37 |     37 |      0 |      0 |      0 |   1 |   37.0 |
               +--------+--------+--------+--------+--------+-----+--------+

Top non-repeatable levels by time:
     D:1: 37 daAuts
